 Dungeon Crawl Stone Soup version 0.26.1-2-gb8aa6d0cf2 (webtiles) character file.

Game seed: 13660398790598066483

1857 nightchill the Grappler (level 9, -1/81 HPs)
             Began as a Ghoul Fighter on Mar 29, 2021.
             Was an Initiate of Gozag.
             Slain by an orc warrior
             ... wielding a +0 war axe
              (15 damage)
             ... in a bailey.
             The game lasted 00:12:10 (6774 turns).

nightchill the Grappler (Ghoul Fighter)             Turns: 6774, Time: 00:12:10

Health: -1/81      AC: 12    Str: 22    XL:     9   Next: 13%
Magic:  8/8        EV:  8    Int:  6    God:    Gozag
Gold:   659        SH:  9    Dex:  8    Spells: 8/8 levels left

rFire    . . .     SeeInvis .     - Unarmed
rCold    + + .     Faith    .   b - +0 kite shield
rNeg     + + +     Spirit   .   v - +5 ring mail "Epruem" {Int+2 Slay+3}
rPois    ∞         Reflect  .   (no helmet)
rElec    .         Harm     .   z - +0 cloak
rCorr    .         Rampage  .   (no gloves)
Will     .....                  o - +0 pair of boots
Stlth    ..........             y - amulet of regeneration
HPRegen  0.00/turn              k - ring of protection from cold
MPRegen  0.11/turn              (no ring)

@: mighty
A: claws 1, cold resistance 1, negative energy resistance 3, inhibited
regeneration, torment resistance, unbreathing
a: Renounce Religion, Potion Petition, Call Merchant, Bribe Branch


You were in a bailey.
You worshipped Gozag.
Gozag was pleased with you.
You visited 2 branches of the dungeon, and saw 8 of its levels.
You also visited: Sewer and Bailey.

You collected 728 gold pieces.
You paid 69 gold pieces to Gozag.

Inventory:

Missiles
 p - 5 curare-tipped darts (quivered)
Armour
 a - a +0 scale mail
 b - a +0 kite shield (worn)
 i - a +0 chain mail
 o - a +0 pair of boots (worn)
 r - a +0 tower shield
 v - the +5 ring mail "Epruem" (worn) {Int+2 Slay+3}
   (You found it on level 4 of the Dungeon)

   It affects your intelligence (+2).
   It affects your accuracy and damage with ranged weapons and melee attacks
   (+3).
 z - a +0 cloak (worn)
Jewellery
 k - a ring of protection from cold (left claw)
 w - an uncursed amulet of magic regeneration
 y - an amulet of regeneration (around neck)
 A - a +4 ring of evasion {unknown}
 C - a cursed ring of attention {unknown}
Wands
 m - a wand of digging (13)
 D - a wand of acid (10)
Scrolls
 d - 2 scrolls of immolation {unknown}
 e - 6 scrolls of identify
 f - a scroll of enchant weapon
 g - 4 scrolls of remove curse
 h - 2 scrolls of fear {unknown}
 u - 3 scrolls of teleportation
Potions
 c - 3 potions of might
 j - 4 potions of flight {unknown}
 l - a potion of brilliance
 n - 2 potions of cancellation
 q - a potion of haste
 s - 4 potions of curing
 t - 2 potions of mutation
 x - 3 potions of heal wounds {unknown}
 B - a potion of lignification {unknown}
 E - a potion of magic {unknown}
 F - 4 potions of degeneration {unknown}


   Skills:
 + Level 7.9 Fighting
 - Level 2.6 Armour
 + Level 3.1 Shields
 * Level 10.4 Unarmed Combat


You had 8 spell levels left.
You didn't know any spells.
Your spell library was empty.

Dungeon Overview and Level Annotations

Branches:
Dungeon (7/15)             Temple (1/1) D:5           Sewer (visited)
 Bailey (1/1)

Altars:
Ashenzari
Cheibriados
Dithmenos
Elyvilon
Gozag
Hepliaklqana
Kikubaaqudgha
Makhleb
Nemelex Xobeh
Okawaru
Qazlal
Ru
Sif Muna
Trog
Uskayaw
Vehumet
Wu Jian
Xom
Yredelemnul
Zin
The Shining One

Annotations:
D:3 exclusion: downstairs
D:4 1 runed translucent door, Crazy Yiuf


Innate Abilities, Weirdness & Mutations

You thrive by killing the living.
You are immune to poison.
You have sharp fingernails.
Your flesh is cold resistant. (rC+)
You are immune to negative energy. (rN+++)
You do not regenerate when monsters are visible.
You are immune to unholy pain and torment.
You can survive without breathing.


Message History

There is an open door here.
You close the door.
A hobgoblin opens the door.
You close the door.
A hobgoblin opens the door.
You feel very mighty all of a sudden.
You closely miss the orc warrior.
The orc warrior hits you but does no damage.
The hobgoblin barely misses you.
You barely miss the orc warrior. The orc warrior closely misses you.
You barely miss the orc warrior. The hobgoblin barely misses you.
You claw the orc warrior!
The orc warrior is moderately wounded.
The orc warrior hits you with a +0 war axe!
* * * LOW HITPOINT WARNING * * *
The hobgoblin hits you but does no damage.
You scratch the orc warrior.
The orc warrior is moderately wounded.
The hobgoblin barely misses you.
The orc warrior hits you with a +0 war axe!
You die...
Your body crumbles into a pile of gold.

♣...)....♣
♣##))'##♣♣ ##.)...##
#.))....#
##..)....##
#...).....#
##.........#
#######.))..⌠.....#
##.....##@........##
#......ogo........+
##.....)g##.......##
#.........#.......#
##.......g.##.....##
#.....⌠.)...#######
##......)..##$ $ $
#.........#


$$$$$ ##.......## You could see an orc warrior, a gnoll, an orc and a hobgoblin.

Vanquished Creatures
  Purgy (Sewer)
  An orc warrior (Bailey)
  A necrophage (D:5)
  2 centaurs
  An ogre (D:4)
  2 bullfrogs (D:6)
  A water moccasin zombie (D:7)
  5 wights (D:6)
  A howler monkey (D:6)
  A bullfrog zombie (D:6)
  2 hounds
  2 gnoll shamans
  An orc wizard (D:6)
  A bullfrog skeleton (D:4)
  An iguana (D:4)
  7 worker ants
  Natasha (twice) (D:2)
  2 hound skeletons
  20 gnolls
  A worker ant zombie (D:5)
  6 adders
  An ufetubus (D:6)
  2 oozes
  2 adder skeletons (D:4)
  3 worms
  2 dart slugs (D:3)
  4 leopard geckos
  19 orcs
  2 ball pythons
  7 giant cockroaches
  14 goblins
  11 hobgoblins
  8 jackals
  8 quokkas
  7 bats
  6 frilled lizards
  A jackal skeleton (D:4)
  8 kobolds
  A leopard gecko skeleton (D:7)
  2 quokka skeletons (D:4)
  A quokka zombie (D:5)
  2 rats
172 creatures vanquished.

Notes
Turn   | Place    | Note
-------+----------+-------------------------------------------
     0 | D:1      | nightchill the Ghoul Fighter began the quest for the Orb.
     0 | D:1      | Reached XP level 1. HP: 19/19 MP: 0/0
   257 | D:1      | Reached XP level 2. HP: 26/26 MP: 1/1
   393 | D:1      | Reached skill level 3 in Unarmed Combat
   587 | D:1      | Reached XP level 3. HP: 31/33 MP: 2/2
  1443 | D:2      | Reached skill level 4 in Unarmed Combat
  1443 | D:2      | Reached XP level 4. HP: 17/40 MP: 3/3
  1762 | D:2      | Noticed Natasha
  1771 | D:2      | Killed Natasha
  2033 | D:2      | Noticed Natasha
  2046 | D:2      | Killed Natasha
  2047 | D:2      | Reached XP level 5. HP: 36/47 MP: 4/4
  2250 | D:3      | Reached skill level 5 in Unarmed Combat
  3656 | D:4      | Reached XP level 6. HP: 55/55 MP: 5/5
  3661 | D:4      | Reached skill level 5 in Fighting
  3707 | D:4      | Reached skill level 6 in Unarmed Combat
  3785 | D:4      | Reached XP level 7. HP: 56/61 MP: 6/6
  4000 | D:4      | Found a runed translucent door.
  4001 | D:4      | Noticed Crazy Yiuf
  4048 | D:4      | Reached skill level 7 in Unarmed Combat
  4162 | D:4      | Found a broken altar of Ashenzari.
  4258 | D:4      | Got a jewelled ring mail
  4260 | D:4      | Identified the +5 ring mail "Epruem" {Int+2 Slay+3} (You
                  | found it on level 4 of the Dungeon)
  4343 | D:5      | Entered Level 5 of the Dungeon
  4734 | D:5      | Found a staircase to the Ecumenical Temple.
  4747 | D:5      | Reached skill level 8 in Unarmed Combat
  4751 | Temple   | Entered the Ecumenical Temple
  4845 | Temple   | Became a worshipper of Gozag Ym Sagoz the Greedy
  5105 | D:5      | Reached XP level 8. HP: 69/71 MP: 7/7
  5482 | D:6      | Found a glowing drain.
  5486 | Sewer    | Entered a sewer
  5524 | Sewer    | Noticed Purgy
  5531 | Sewer    | Killed Purgy
  5689 | D:6      | Reached skill level 9 in Unarmed Combat
  6365 | D:6      | Found an iron altar of Okawaru.
  6370 | D:6      | Reached skill level 10 in Unarmed Combat
  6373 | D:6      | Found a stormy altar of Qazlal.
  6524 | D:7      | Found a flagged portal.
  6537 | D:7      | Reached XP level 9. HP: 76/80 MP: 8/8
  6563 | Bailey   | Entered a bailey
  6774 | Bailey   | Slain by an orc warrior

Illustrated notes

Levels and vault maps discovered:
D:1:      sevenhm_arrival_forest_fort_small_3, layout_loops_corners
D:2:      layout_basic, chequers_serial_rivers_micro_d, uniq_natasha
D:3:      layout_basic
D:4:      layout_rooms, ashenzari_altar_1, st_stairs_8, uniq_crazy_yiuf_cottage
D:5:      layout_loops_cross, temple_doors_cd, chequers_garden
D:6:      layout_rooms, minitemple, gup_sewer_entry_bowl
D:7:      layout_basic, fedhas_altar_fruit_tree, enter_bailey_2
Temple:   compressed_dpeg_circular_temple
Bailey:   bailey_axe_minmay_hex_keep, bailey

Skill      XL: |  1  2  3  4  5  6  7  8  9 |
---------------+----------------------------+-----
Unarmed Combat | 3 4 5 6 8 10 | 10.4
Fighting       | 4 5 6 7 |  7.9
Shields        | 3 |  3.1
Armour         | |  2.6

Action                   |  1- 3 |  4- 6 |  7- 9 || total
-------------------------+-------+-------+-------++-------
Melee: Unarmed           |    97 |   144 |   323 ||   564
Throw: Dart              |       |       |     1 ||     1
  Use: Scroll            |       |       |    12 ||    12
       Potion            |       |       |     2 ||     2
Armor: Scale mail        |    19 |       |       ||    19
       Chain mail        |    22 |    50 |    14 ||    86
       Ring mail         |       |       |   100 ||   100
Dodge: Dodged            |    21 |    39 |    88 ||   148
Block: Kite shield       |    52 |    58 |   127 ||   237
